 Dungeon Crawl Stone Soup version 0.23.2-40-g277498a001 (webtiles) character file.

Game seed: 13137673176967549929

109 Kikorro the Skirmisher (level 4, -4/60 HPs)
             Began as a Draconian Fighter on Sept 4, 2019.
             Slain by a gnoll
             ... wielding a +0 spear
              (8 damage)
             ... on level 3 of the Dungeon.
             The game lasted 00:06:39 (1708 turns).

Kikorro the Skirmisher (Draconian Fighter)          Turns: 1708, Time: 00:06:39

Health: -4/60      AC:  6    Str: 24    XL:     4   Next: 60%
Magic:  4/4        EV: 11    Int:  8    God:
Gold:   134        SH:  9    Dex: 11    Spells: 3/3 levels left

rFire    . . .     SeeInvis .   a - +1 rapier
rCold    . . .     Gourm    .   b - +0 shield
rNeg     . . .     Faith    .   (armour unavailable)
rPois    .         Spirit   .   (helmet restricted)
rElec    .         Reflect  .   i - +0 cloak
rCorr    .         Harm     .   (no gloves)
MR       .....                  (no boots)
Stlth    ..........             (no amulet)
HPRegen  0.20/turn              (no ring)
MPRegen  0.09/turn              (no ring)

@: berserking, lethally poisoned (-4 -> -7), flying, slowed
A: unfitting armour, cold-blooded, AC +5
a: no special abilities


You were on level 3 of the Dungeon.
You were not hungry.

You visited 1 branch of the dungeon, and saw 3 of its levels.

You collected 134 gold pieces.

Inventory:

Hand Weapons
 a - a +1 rapier (weapon)
Armour
 b - a +0 shield (worn)
 i - a +0 cloak (worn)
Scrolls
 e - 2 scrolls of teleportation
 g - a scroll of amnesia
 m - a scroll of enchant weapon
Potions
 c - a potion of might
 h - a potion of flight
 l - a potion of curing {unknown}
 n - a potion of lignification {unknown}
Comestibles
 d - 6 rations
 j - 6 chunks of flesh


   Skills:
 + Level 3.9 Fighting
 + Level 3.2 Short Blades
 + Level 3.3 Dodging
 + Level 0.6 Stealth
 + Level 3.5 Shields


You had 3 spell levels left.
You didn't know any spells.
Your spell library was empty.

Dungeon Overview and Level Annotations

Branches:
Dungeon (3/15)

Altars:


Innate Abilities, Weirdness & Mutations

Your plain brown scales are hard. (AC +5)
You cannot fit into any form of body armour.
You are cold-blooded and may be slowed by cold attacks.


Message History

You feel sick. The gnoll barely misses you. You block the gnoll's attack.
It was a potion of berserk rage.
A red film seems to cover your vision as you go berserk!
You feel yourself moving faster!
You feel mighty!
You feel sick. The gnoll hits you.
* * * LOW HITPOINT WARNING * * *
The gnoll barely misses you. You block the gnoll's attack.
The gnoll hits you from afar with a +0 spear.
* * * LOW HITPOINT WARNING * * *
You puncture the gnoll!
You kill the gnoll!
* * * LOW HITPOINT WARNING * * *
You feel sick.
The kobold shoots a curare-tipped needle.
The curare-tipped needle barely misses you.
The gnoll hits you but does no damage.
The kobold shoots a curare-tipped needle.
You block the curare-tipped needle. The gnoll hits you with a +0 spear!
You die...

..##.....#####.#...........#
.....................#.....#
...........#.......###.....#
...........................#
b.............####.####..)÷#
........[...#......#######.####
...........(..###.....# #.....
............bg####.##..###.....
............#K@((#.# #........)
..............##.#..####.......
..#...................##.......
#....>.......#.#...............
##........#.........÷.........
#.....>............÷.....#...
####[#########..............
#.............. #..............


You could see a gnoll, a bat and a kobold.

Vanquished Creatures
  2 gnolls (D:3)
  3 adders
  An ooze (D:1)
  A worm (D:2)
  A dart slug (D:1)
  2 leopard geckos
  4 giant cockroaches
  6 goblins
  8 hobgoblins
  6 jackals
  6 bats
  6 kobolds
  3 rats
49 creatures vanquished.

Notes
Turn   | Place    | Note
-------+----------+-------------------------------------------
     0 | D:1      | Kikorro the Draconian Fighter began the quest for the Orb.
     0 | D:1      | Reached XP level 1. HP: 19/19 MP: 1/1
    63 | D:1      | Reached XP level 2. HP: 23/26 MP: 2/2
   834 | D:2      | Reached XP level 3. HP: 33/33 MP: 3/3
  1646 | D:3      | Reached XP level 4. HP: 40/40 MP: 4/4
  1708 | D:3      | Slain by a gnoll

Skill      XL: |  1  2  3  4 |
---------------+-------------+-----
Dodging        | 3 |  3.3
Short Blades   | 3 |  3.2
Fighting       | |  3.9
Stealth        | |  0.6
Shields        | |  3.5

Action                   |  1- 3 |  4- 6 || total
-------------------------+-------+-------++-------
Melee: Rapier            |   107 |    26 ||   133
       Tailslap          |     7 |     4 ||    11
  Use: Scroll            |     6 |       ||     6
       Potion            |       |     2 ||     2
 Stab: Sleeping          |     1 |       ||     1
  Eat: Chunk             |     2 |     1 ||     3
Armor: Skin              |    26 |    11 ||    37
Dodge: Dodged            |    47 |    12 ||    59
Block: Shield            |    46 |    18 ||    64
